 Dungeon Crawl Stone Soup version 0.22-a0-553-g9358b0b (webtiles) character file.

164269 omnomnOMINOUS the Phalangite (level 17, 0/140 HPs)
             Began as a Merfolk Monk on June 21, 2018.
             Was the Champion of the Shining One.
             Slain by a spatial maelstrom (17 damage)
             ... on level 4 of the Abyss on June 25, 2018.
             The game lasted 02:01:30 (34669 turns).

omnomnOMINOUS the Phalangite (Merfolk Monk)        Turns: 34669, Time: 02:01:31

Health: 0/140      AC:  9    Str: 17    XL:     17   Next: 85%
Magic:  24/24      EV: 28    Int: 15    God:    the Shining One [******]
Gold:   961        SH:  0    Dex: 24    Spells: 14/26 levels left

rFire    . . .     SeeInvis .   a - +11 bardiche of Ceaq {freeze, Str+8}
rCold    + + .     Gourm    .   (shield currently unavailable)
rNeg     + + +     Faith    .   R - +3 leather armour of Zeask {*Drain rC++ Regen+ Stlth+}
rPois    +         Spirit   .   o - +0 hat
rElec    .         Reflect  .   C - scarf {repulsion}
rCorr    .         Harm     .   M - +1 pair of gloves {Dex+3}
MR       ++...     Clarity  +   T - +0 pair of boots
Stlth    ++........             (no amulet)
HPRegen  0.73/turn              q - ring of poison resistance
MPRegen  0.19/turn              Q - ring of the Death Scarab {rN+ MR+ Str-3 Dex+4 Stlth+}

@: glowing, studying Earth Magic, repel missiles
A: change form in water, swift swim, stealthy swim, horns 1, clarity, low mp 1,
no potion heal 1
a: Divine Shield, Cleansing Flame, Summon Divine Warrior, Brand Weapon With Holy
Wrath, Renounce Religion


You were on level 4 of the Abyss.
You worshipped the Shining One.
The Shining One was exalted by your worship.
You were not hungry.

You visited 6 branches of the dungeon, and saw 28 of its levels.
You visited the Abyss 1 time.
You also visited: Labyrinth.

You collected 2630 gold pieces.
You spent 1669 gold pieces at shops.

Inventory:

Hand Weapons
 a - the +11 bardiche of Ceaq (weapon) {freeze, Str+8}
   (You acquired it on level 2 of the Orcish Mines)

   It has been specially enchanted to freeze those struck by it, causing extra
   injury to most foes and up to half again as much damage against particularly
   susceptible opponents.
   It can also slow down cold-blooded creatures.
   It affects your strength (+8).
 b - a +4 halberd of flaming
 d - a +0 blowgun
Missiles
 e - 906 arrows
 i - 3 throwing nets (quivered)
 r - 7 javelins of penetration
 L - 15 curare-tipped needles
 N - 25 javelins
Armour
 o - a +0 hat (worn)
 u - the +2 ring mail of Ryoz {Dex+4 Slay+3}
   (You found it on level 13 of the Dungeon)

   It affects your dexterity (+4).
   It affects your accuracy and damage with ranged weapons and melee attacks
   (+3).
 C - a scarf of repulsion (worn)
 M - a +1 pair of gloves of dexterity (worn)
 R - the +3 leather armour of Zeask (worn) {*Drain rC++ Regen+ Stlth+}
   (You took it off a minotaur in a labyrinth)

   It greatly protects you from cold.
   It increases your rate of regeneration.
   It causes draining when unequipped.
   It makes you more stealthy.
 T - a +0 pair of boots (worn)
 U - the +2 robe "Tubaud" {+Inv rN+ rCorr Slay+2}
   (You found it on level 1 of the Elven Halls)

   It affects your accuracy and damage with ranged weapons and melee attacks
   (+2).
   It protects you from negative energy.
   It lets you turn invisible.
   It protects you from acid and corrosion.
Jewellery
 q - a ring of poison resistance (left hand)
 E - an uncursed ring of protection from fire
 Q - the ring of the Death Scarab (right hand) {rN+ MR+ Str-3 Dex+4 Stlth+}
   (You took it off a minotaur in a labyrinth)

   [ring of protection from magic]

   It affects your strength (-3).
   It affects your dexterity (+4).
   It protects you from negative energy.
   It affects your resistance to hostile enchantments.
   It makes you more stealthy.
Wands
 c - a wand of acid (6)
 l - a wand of digging (15)
 y - a wand of disintegration (51)
 I - a wand of polymorph (38)
 O - a wand of paralysis (72)
Scrolls
 g - 10 scrolls of remove curse
 h - 8 scrolls of teleportation
 p - 2 scrolls of identify
 s - 5 scrolls of enchant weapon
 t - 3 scrolls of magic mapping
 w - 3 scrolls of fog
 z - 3 scrolls of immolation
 B - a scroll of vulnerability
 D - a scroll of brand weapon
 G - 2 scrolls of fear
 H - 4 scrolls of enchant armour
 J - a scroll of summoning
 W - a scroll of blinking
 Z - a scroll of silence {unknown}
Potions
 f - a potion of heal wounds
 m - 2 potions of magic
 n - 2 potions of flight
 v - 14 potions of curing
 x - 5 potions of berserk rage
 A - 3 potions of resistance
 F - 3 potions of ambrosia
 K - 3 potions of agility
 S - 2 potions of might
 V - a potion of brilliance
Books
 Y - a manual of Earth Magic
Miscellaneous
 j - a box of beasts
 k - a phantom mirror
 X - a phial of floods
Comestibles
 P - 45 rations


   Skills:
 + Level 14.4 Fighting
 + Level 21.3 Polearms
 + Level 16.8 Dodging
 - Level 2.1 Stealth
 - Level 5.0 Spellcasting
 - Level 15.0 Transmutations
 * Level 11.2 Earth Magic
 + Level 13.0 Invocations


You had 14 spell levels left.
You knew the following spells:

 Your Spells              Type           Power        Failure   Level  Hunger
a - Apportation           Tloc           #.....       21%         1    None
b - Blink                 Tloc           N/A          30%         2    ##.....
c - Summon Butterflies    Summ           #.......     21%         1    None
d - Sticks to Snakes      Tmut           #####...     1%          2    ##.....
e - Statue Form           Tmut/Erth      #####....    14%         6    #######

Your spell library contained the following spells:

 Spells                   Type           Power        Failure   Level  Hunger
 Cause Fear               Hex            #.........   89%         4    ####...
 Magic Dart               Conj           #...         21%         1    None
 Conjure Flame            Conj/Fire      #.......     52%         3    ###....
 Bolt of Cold             Conj/Ice       #.........   100%        6    #######
 Invisibility             Hex            #.......     100%        6    #######
 Throw Frost              Conj/Ice       #.....       30%         2    ##.....
 Freezing Cloud           Conj/Ice/Air   #.........   100%        6    #######
 Mephitic Cloud           Conj/Pois/Air  #.......     52%         3    ###....
 Ring of Flames           Chrm/Fire      #.........   100%        7    #######
 Teleport Other           Tloc           #.......     52%         3    ###....
 Summon Small Mammal      Summ           #...         21%         1    None
 Iskenderun's Mystic Bla  Conj           #.......     89%         4    ####...
 Animate Skeleton         Necr           N/A          21%         1    None
 Ozocubu's Refrigeration  Ice            #.........   100%        6    #######
 Sting                    Conj/Pois      #...         21%         1    None
 Tukima's Dance           Hex            #.......     52%         3    ###....
 Stone Arrow              Conj/Erth      ###...       6%          3    ###....
 Spider Form              Tmut/Pois      ####......   2%          3    ###....
 Blade Hands              Tmut           #####.....   1%          5    ######.
 Ice Form                 Ice/Tmut       ####....     9%          4    ####...
 Dragon Form              Tmut           #####.....   34%         7    #######
 Deflect Missiles         Chrm/Air       #.........   100%        6    #######
 Confusing Touch          Hex            #.....       21%         1    None
 Passwall                 Tmut/Erth      #####...     1%          2    ##.....
 Ignite Poison            Fire/Tmut/Pois ###.....     8%          3    ###....
 Metabolic Englaciation   Hex/Ice        #.........   99%         5    ######.
 Silence                  Hex/Air        #.........   99%         5    ######.
 Alistair's Intoxication  Tmut/Pois      ####....     26%         5    ######.
 Lee's Rapid Deconstruct  Erth           #####.....   5%          5    ######.
 Sandblast                Erth           #####.       1%          1    None
 Simulacrum               Ice/Necr       #.........   100%        6    #######
 Petrify                  Tmut/Erth      #####...     1%          4    ####...
 Passage of Golubria      Tloc           N/A          89%         4    ####...
 Shroud of Golubria       Chrm/Tloc      #.........   30%         2    ##.....
 Beastly Appendage        Tmut           #####.       1%          1    None
 Fulminant Prism          Conj/Hex       #.........   89%         4    ####...
 Dazzling Spray           Conj/Hex       #.....       52%         3    ###....
 Force Lance              Conj/Tloc      #.......     89%         4    ####...
 Searing Ray              Conj           #.....       30%         2    ##.....
 Discord                  Hex            #.........   100%        8    #######
 Hydra Form               Tmut           #####.....   6%          6    #######
 Irradiate                Conj/Tmut      ####......   26%         5    ######.
 Gell's Gravitas          Tloc           #.........   52%         3    ###....
 Yara's Violent Unravell  Hex/Tmut       ####......   26%         5    ######.
 Lesser Beckoning         Tloc           #.........   52%         3    ###....
 Poisonous Vapours        Pois/Air       #.....       30%         2    ##.....


Dungeon Overview and Level Annotations

Branches:
Dungeon (15/15) Temple (1/1) D:5 Lair (6/6) D:11 Swamp (0/4) Lair:3 Snake (0/4) Lair:3 Slime (0/5) Lair:6 Orc (2/2) D:11 Elf (3/3) Orc:2 Vaults (0/5) D:12 D:13 Depths (1/5) D:15

Altars:
Ashenzari
Cheibriados
Dithmenos
Elyvilon
Fedhas
Gozag
Hepliaklqana
Kikubaaqudgha
Makhleb
Nemelex Xobeh
Okawaru
Qazlal
Ru
Sif Muna
Trog
Uskayaw
Vehumet
Wu Jian
Xom
Yredelemnul
Zin
The Shining One
Beogh

Shops:
D:6 *   D:9 *   D:10 (   D:12 [(%   D:13 }   Orc:2 :[*   Elf:1 *?*   Elf:3 (

Annotations:
D:3 1 runed door, Theoretic's ghost, amateur GnFi
D:4 1 runed door, ProzacElf's ghost, amateur OpAE
D:12 Gastronok
Lair:5 3 runed doors, Zickenigi's ghost, journeyman DEFE
Lair:6 3 runed doors, dingleboss's ghost, journeyman OpFi


Innate Abilities, Weirdness & Mutations

You revert to your normal form in water.
You are very nimble and swift while swimming.
You are very stealthy in the water. (Stealth+)
You have a pair of small horns on your head.
You possess an exceptional clarity of mind.
Your magical capacity is low. (-10% MP)
Potions are less effective at restoring your health.


Message History

Unknown command.
Okay, then.
Unknown command.
Unknown command.
Unknown command.
Unknown command.
Unknown command.
Unknown command.
Unknown command.
Unknown command.
The rakshasa weaves an illusion.
The spatial maelstrom shimmers and seems to become two!
The spatial maelstrom completely misses you. x2
The spatial vortex hits the bush!!
Space warps horribly around the bush!
Found 39 gold pieces.
Your system partially rejects the healing.
You feel much better. The spatial maelstrom hits you.
* * * LOW HITPOINT WARNING * * *
Space warps horribly around you!
You die...

#..##...P...v....X.#
.......†.....X.#.#.
#.#.#.PP.P.P..#.X..
.. #.. ...P.PP.PXX#
### .
..#...P>PP.X..# ..
.# #...PPPP.X#.# .
## ##..PPPPP..XL#
...P..v...v##
#...PP....#v@# #.#
#. .#...###v#∩ ....
. ..#.......$ ..
.....##..#....# ....
.#.. #.#.R# # .. . #
#$.... ... . ..
#.#... # .#.#.


You could see 3 starcursed masses, 2 spatial maelstroms, a rakshasa and 2
spatial vortices.

Vanquished Creatures
  Mara (Elf:3)
  Saint Roka (Orc:2)
  A deep elf blademaster (Elf:3)
  Donald (Elf:3)
  A fire giant (D:15)
  2 deep elf sorcerers (Elf:3)
  3 deep elf elementalists (Elf:3)
  2 deep elf demonologists (Elf:3)
  2 deep elf annihilators
  A minotaur (Lab)
  An ettin (Orc:1)
  4 deep elf death magi
  A fire dragon (D:14)
  Josephine (Orc:2)
  A deep elf high priest (Elf:3)
  9 hydras
  Fannar (D:12)
  A rakshasa (D:14)
  A catoblepas (Lair:3)
  8 centaur warriors
  An ogre mage (Orc:1)
  2 death knights
  4 death yaks
  10 two-headed ogres
  A tengu warrior (D:13)
  28 dancing weapons
  8 orc high priests (Orc:2)
  Urug (D:9)
  11 deep elf knights
  Sonja (Lair:1)
  Nergalle (D:12)
  4 large abominations
  A death drake (shapeshifter) (D:13)
  A wretched star (Abyss:2)
  An unseen horror (D:15)
  2 deep elf archers
  Pikel (D:7)
  An orc knight (D:12)
  7 ugly things
  32 deep elf magi
  4 orc sorcerers
  4 cyclopes
  An oklob plant (Lair:5)
  8 slime creatures
  4 manticores
  4 black mambas
  2 apocalypse crabs (Abyss:4)
  A black mamba (shapeshifter) (D:15)
  3 gargoyles
  Psyche (D:12)
  13 elephants
  2 centaur zombies
  A rust devil (Abyss:2)
  6 spiny frogs
  An eye of devastation (shapeshifter) (Elf:2)
  2 rime drakes
  A kobold demonologist (D:14)
  A freezing wraith (D:14)
  An efreet (Abyss:4)
  5 komodo dragons
  6 polar bears
  2 hornets
  3 trolls
  6 hippogriffs
  2 raiju (Abyss:2)
  9 blink frogs
  3 air elementals
  A shadow (D:12)
  3 wraiths (D:14)
  2 water elementals
  18 humans
  38 yaks
  A basilisk (shapeshifter) (Elf:1)
  2 wyverns
  A neqoxec (Abyss:2)
  A basilisk (Lair:4)
  A steam dragon (D:7)
  8 vampire mosquitoes
  3 hungry ghosts
  2 chaos spawn (Abyss:4)
  6 wargs
  2 acid dragons
  7 porcupines
  8 water moccasins
  3 black bears
  31 orc warriors
  A slave (D:6)
  An eye of draining (shapeshifter) (D:15)
  24 ogres
  3 ice beasts
  9 sky beasts
  15 wolves
  9 boggarts
  A phantom (D:14)
  24 centaurs
  2 crocodiles (Lair:6)
  4 big kobolds
  17 bullfrogs
  4 earth elementals (Elf:1)
  2 wyvern zombies
  A wyvern skeleton (D:13)
  3 scorpions
  8 wights
  5 howler monkeys
  5 crimson imps
  5 electric eels
  3 bullfrog zombies
  7 hounds
  3 quasits
  27 orc priests
  8 jellies
  3 bullfrog skeletons
  3 centaur skeletons
  A gnoll shaman (D:3)
  17 orc wizards
  2 iguanas
  16 worker ants
  Natasha (thrice) (D:3 D:2)
  A hound zombie (D:7)
  2 hound skeletons
  A worker ant zombie (D:6)
  5 gnolls
  13 adders
  5 shadow imps
  4 oozes
  An adder skeleton (D:4)
  3 worms
  A dart slug (D:1)
  5 leopard geckos
  122 orcs
  3 giant cockroaches
  5 hobgoblins
  28 jackals
  7 quokkas
  A ball python (D:1)
  5 bats
  5 frilled lizards
  13 goblins
  23 kobolds
  A quokka skeleton (D:8)
  6 rats
  A bush (Abyss:4)
  A plant (D:11)
893 creatures vanquished.

Vanquished Creatures (collateral kills)
  Rupert (Lair:6)
  A deep elf master archer (Elf:3)
  A deep elf blademaster (Elf:2)
  A deep elf annihilator (Elf:3)
  Erolcha (Orc:2)
  Harold (Lair:1)
  2 orc high priests (Orc:2)
  An orc sorcerer (Orc:2)
  A komodo dragon (Lair:1)
  3 wraiths (Orc:2)
  A water elemental (Elf:3)
  A warg (Orc:2)
  3 orc warriors (Orc:2)
  5 wolves (Lair:1)
  7 orc priests (Orc:2)
  9 orcs (Orc:2)
39 creatures vanquished.

Vanquished Creatures (others)
  A bullfrog (D:6)
  An orc priest (Orc:2)
  A quokka (D:6)
  3 orcs
  19 fungi
  17 plants
  2 starspawn tentacles (Abyss:2)
44 creatures vanquished.

Grand Total: 976 creatures vanquished

Notes
Turn   | Place    | Note
-------+----------+-------------------------------------------
     0 | D:1      | omnomnOMINOUS the Merfolk Monk began the quest for the Orb.
     0 | D:1      | Reached XP level 1. HP: 18/18 MP: 1/1
   121 | D:1      | Reached XP level 2. HP: 8/24 MP: 2/2
   582 | D:1      | Reached skill level 5 in Polearms
   887 | D:1      | Reached XP level 3. HP: 29/29 MP: 3/3
  1025 | D:2      | Found an opulent altar of Gozag.
  1592 | D:2      | Reached XP level 4. HP: 36/37 MP: 4/4
  1700 | D:2      | Reached skill level 6 in Polearms
  2114 | D:3      | Found a radiant altar of Vehumet.
  2379 | D:3      | Reached skill level 5 in Dodging
  2423 | D:3      | Found a runed door.
  2425 | D:3      | Noticed Theoretic's ghost (amateur GnFi)
  2494 | D:3      | Gained mutation: Your body sometimes deteriorates upon taking damage. [potion of mutation]
  2494 | D:3      | Gained mutation: Your skin changes colour to match your surroundings (Stealth+). [potion of mutation]
  2500 | D:3      | Reached XP level 5. HP: 4/42 MP: 5/5
  2512 | D:3      | Noticed Natasha
  2812 | D:3      | Killed Natasha
  2834 | D:3      | Noticed Natasha
  3008 | D:2      | Killed Natasha
  3008 | D:2      | Reached skill level 7 in Polearms
  3010 | D:2      | Noticed Natasha
  3177 | D:2      | Killed Natasha
  3221 | D:3      | Found a hazy altar of Hepliaklqana.
  3443 | D:4      | Reached XP level 6. HP: 36/49 MP: 6/6
  4188 | D:4      | Reached skill level 8 in Polearms
  4489 | D:4      | Reached skill level 5 in Fighting
  4489 | D:4      | Reached XP level 7. HP: 13/56 MP: 7/7
  5088 | D:4      | Found a runed door.
  5088 | D:4      | Noticed ProzacElf's ghost (amateur OpAE)
  5281 | D:5      | Entered Level 5 of the Dungeon
  5352 | D:5      | Found a staircase to the Ecumenical Temple.
  5382 | D:5      | Reached skill level 9 in Polearms
  5405 | Temple   | Entered the Ecumenical Temple
  5412 | Temple   | Became a worshipper of the Shining One
  5412 | Temple   | Reached * piety under the Shining One
  5412 | Temple   | Reached ** piety under the Shining One
  5694 | D:5      | Reached skill level 1 in Invocations
  5821 | D:5      | Reached XP level 8. HP: 37/64 MP: 7/9
  5887 | D:5      | Reached skill level 10 in Polearms
  6384 | D:6      | Found Zin's Purification Station.
  6384 | D:6      | Found a glowing silver altar of Zin.
  6476 | D:6      | Got an ancient mace
  6477 | D:6      | Identified the +10 mace "Diug" {elec, +Blink Int+4} (You found it on level 6 of the Dungeon)
  6545 | D:6      | Found a burning altar of Makhleb.
  6554 | D:6      | Found a white marble altar of Elyvilon.
  6687 | D:6      | Got a slimy leather armour
  6698 | D:6      | Identified the +0 leather armour "Tierch" {rF- rN+ MR- Str+8} (You found it on level 6 of the Dungeon)
  6731 | D:6      | Reached skill level 11 in Polearms
  6832 | D:6      | Reached XP level 9. HP: 71/71 MP: 11/11
  7455 | D:7      | Reached skill level 12 in Polearms
  7919 | D:7      | Noticed a hornet
  8159 | D:7      | Found an iron altar of Okawaru.
  8352 | D:7      | Reached skill level 5 in Invocations
  8373 | D:7      | Found an iron altar of Okawaru.
  8505 | D:7      | Reached skill level 13 in Polearms
  8506 | D:7      | Found an opulent altar of Gozag.
  8567 | D:7      | Noticed Pikel
  8579 | D:7      | Killed Pikel
  8579 | D:7      | Reached XP level 10. HP: 40/80 MP: 12/14
  8582 | D:7      | Lost mutation: Your body sometimes deteriorates upon taking damage. [potion of mutation]
  8582 | D:7      | Gained mutation: You passively map a small area around you. [potion of mutation]
  8582 | D:7      | Gained mutation: Scrolls take you a little longer to read. [potion of mutation]
  8582 | D:7      | Gained mutation: You possess an exceptional clarity of mind. [potion of mutation]
  8914 | D:8      | Reached *** piety under the Shining One
  8946 | D:8      | HP: 4/80 [vampire mosquito (4)]
  9492 | D:8      | Lost mutation: You passively map a small area around you. [potion of mutation]
  9492 | D:8      | Lost mutation: Scrolls take you a little longer to read. [potion of mutation]
  9492 | D:8      | Lost mutation: Your skin changes colour to match your surroundings (Stealth+). [potion of mutation]
  9492 | D:8      | Gained mutation: Your magical capacity is low. (-10% MP) [potion of mutation]
  9492 | D:8      | Gained mutation: You have a pair of small horns on your head. [potion of mutation]
  9711 | D:9      | Found Awiosevo's Assorted Antiques.
  9719 | D:9      | Bought a runed trident for 234 gold pieces
  9744 | D:9      | Found a sparkling altar of Nemelex Xobeh.
  9777 | D:9      | Reached skill level 14 in Polearms
  9844 | D:9      | Reached skill level 10 in Dodging
 10692 | D:9      | Reached **** piety under the Shining One
 11079 | D:9      | Reached XP level 11. HP: 83/89 MP: 14/14
 11362 | D:10     | Entered Level 10 of the Dungeon
 11376 | D:9      | Reached skill level 15 in Polearms
 11488 | D:9      | HP: 3/89 [yak (9)]
 11859 | D:10     | Found a shadowy altar of Dithmenos.
 11905 | D:10     | Noticed Urug
 11955 | D:9      | Killed Urug
 12982 | D:10     | Found Xana's Antique Weapon Emporium.
 13149 | D:11     | Noticed a cyclops
 13166 | D:11     | Killed a cyclops
 13166 | D:11     | Reached skill level 16 in Polearms
 13279 | D:11     | Noticed a cyan ugly thing
 13300 | D:11     | Killed a cyan ugly thing
 13499 | D:11     | Noticed a manticore
 13514 | D:11     | Killed a manticore
 13789 | D:11     | Reached ***** piety under the Shining One
 13826 | D:11     | Reached skill level 10 in Fighting
 13842 | D:11     | Found a staircase to the Orcish Mines.
 13846 | D:11     | Found a roughly hewn altar of Beogh.
 14079 | D:11     | Noticed a manticore
 14097 | D:11     | Killed a manticore
 14297 | D:11     | Found a staircase to the Lair.
 14319 | D:11     | Reached XP level 12. HP: 87/97 MP: 16/16
 14634 | Lair:1   | Entered Level 1 of the Lair of Beasts
 14877 | Lair:1   | Reached skill level 17 in Polearms
 15237 | Lair:1   | Noticed Sonja
 15239 | Lair:1   | Killed Sonja
 15351 | Lair:1   | Noticed Harold
 15362 | Lair:1   | Killed Harold
 15998 | Lair:2   | Found a labyrinth entrance.
 16017 | Lab      | Entered a labyrinth
 16257 | Lab      | Upgraded the game from 0.22-a0-525-gf69a080 to 0.22-a0-542-gce4f928
 17314 | Lab      | Noticed a minotaur
 17329 | Lab      | Killed a minotaur
 17332 | Lab      | Got a crude amber ring
 17333 | Lab      | Got a spiked leather armour
 17344 | Lab      | Identified the +3 leather armour of Zeask {*Drain rC++ Regen+ Stlth+} (You took it off a minotaur in a labyrinth)
 17348 | Lab      | Identified the Papyrus of Quantum Contamination
 17350 | Lab      | Identified the ring of the Death Scarab {rN+ MR+ Str-3 Dex+4 Stlth+} (You took it off a minotaur in a labyrinth)
 17474 | Lair:2   | Noticed an eight-headed hydra
 17485 | Lair:2   | Killed an eight-headed hydra
 17591 | Lair:2   | Noticed a four-headed hydra
 17600 | Lair:2   | Killed a four-headed hydra
 17783 | Lair:2   | Reached skill level 18 in Polearms
 18432 | Lair:3   | Noticed a four-headed hydra
 18446 | Lair:2   | Killed a four-headed hydra
 18495 | Lair:3   | Found a staircase to the Swamp.
 18556 | Lair:3   | Found a staircase to the Snake Pit.
 18687 | Lair:3   | Identified Hic Nej's Disquisition on Lethal Changing
 18841 | Lair:2   | Upgraded the game from 0.22-a0-542-gce4f928 to 0.22-a0-553-g9358b0b
 18919 | Lair:3   | Reached XP level 13. HP: 60/106 MP: 18/18
 19054 | Lair:3   | Learned a level 1 spell: Apportation
 19061 | Lair:3   | Learned a level 6 spell: Statue Form
 19161 | Lair:3   | Reached skill level 1 in Transmutations
 19338 | Lair:3   | Reached skill level 1 in Spellcasting
 19617 | Lair:4   | Reached skill level 10 in Invocations
 20806 | Lair:5   | Reached skill level 5 in Transmutations
 21043 | Lair:5   | Found a runed gate.
 21043 | Lair:5   | Found a runed gate.
 21043 | Lair:5   | Found a runed gate.
 21043 | Lair:5   | Noticed Zickenigi's ghost (journeyman DEFE)
 21069 | Lair:5   | Learned a level 1 spell: Summon Butterflies
 21716 | Lair:6   | Entered Level 6 of the Lair of Beasts
 21975 | Lair:6   | Found a runed gate.
 21976 | Lair:6   | Found a runed gate.
 21977 | Lair:6   | Found a runed gate.
 21978 | Lair:6   | Noticed dingleboss's ghost (journeyman OpFi)
 22001 | Lair:6   | Reached skill level 19 in Polearms
 22225 | Lair:6   | Reached XP level 14. HP: 79/115 MP: 19/19
 22449 | Lair:6   | Noticed Rupert
 22765 | Lair:6   | Reached skill level 1 in Earth Magic
 22781 | Lair:6   | Found a staircase to the Slime Pits.
 23131 | Lair:6   | Killed Rupert
 23667 | Orc:1    | Entered Level 1 of the Orcish Mines
 23815 | Orc:1    | Paralysed by an orc sorcerer for 3 turns
 24093 | Orc:2    | Entered Level 2 of the Orcish Mines
 24655 | Orc:2    | Noticed Josephine
 24678 | Orc:2    | Killed Josephine
 24701 | Orc:2    | Reached skill level 10 in Transmutations
 24772 | Orc:2    | Noticed Erolcha
 24779 | Orc:2    | Killed Erolcha
 24819 | Orc:2    | Found Miakk's General Store.
 24819 | Orc:2    | Found Wuracush's Armour Shoppe.
 24863 | Orc:2    | Found a roughly hewn altar of Beogh.
 24879 | Orc:2    | Found Pisain's Weapon Boutique.
 24879 | Orc:2    | Found Lizamm's Book Shoppe.
 25096 | Orc:2    | Found a staircase to the Elven Halls.
 25281 | Orc:2    | Noticed Saint Roka
 25321 | Orc:2    | Killed Saint Roka
 25321 | Orc:2    | Reached skill level 5 in Spellcasting
 25481 | Orc:2    | Reached XP level 15. HP: 122/122 MP: 20/20
 26001 | D:12     | Noticed Fannar
 26020 | D:12     | Killed Fannar
 26094 | D:12     | Found Xusuh's Armour Shoppe.
 26309 | D:12     | Noticed Nergalle
 26322 | D:12     | Noticed Psyche
 26331 | D:12     | Killed Nergalle
 26337 | D:12     | Killed Psyche
 26481 | D:12     | Found Eteeru's Antique Weapon Shop.
 26523 | D:12     | Found Tiyrch's Food Shoppe.
 26729 | D:12     | Noticed Gastronok
 26959 | D:12     | Reached skill level 15 in Dodging
 27065 | D:13     | Found a gate to the Vaults.
 27066 | D:13     | Reached ****** piety under the Shining One
 27533 | D:13     | Found Aloimp's Gadget Shoppe.
 27798 | D:13     | Reached skill level 20 in Polearms
 27974 | Orc:2    | Bought a manual of Earth Magic for 1435 gold pieces
 27974 | Orc:2    | Identified a scroll of acquirement
 27977 | Orc:2    | Got a fine bardiche
 27978 | Orc:2    | Identified the +11 bardiche of Ceaq {freeze, Str+8} (You acquired it on level 2 of the Orcish Mines)
 28610 | D:13     | Got a heavily runed ring mail
 28891 | D:14     | Found a shadowy altar of Dithmenos.
 28899 | D:14     | Paralysed by a hornet for 3 turns
 29350 | D:14     | Identified the +2 ring mail of Ryoz {Dex+4 Slay+3} (You found it on level 13 of the Dungeon)
 29713 | D:15     | Entered Level 15 of the Dungeon
 29786 | D:15     | Reached skill level 5 in Earth Magic
 29827 | D:15     | Reached XP level 16. HP: 129/129 MP: 22/22
 30075 | D:15     | Found a staircase to the Depths.
 30205 | D:15     | Learned a level 2 spell: Sticks to Snakes
 30575 | D:15     | Learned a level 2 spell: Blink
 30869 | Depths:1 | Entered Level 1 of the Depths
 31047 | Elf:1    | Entered Level 1 of the Elven Halls
 31167 | Elf:1    | Found Caups's General Store.
 31214 | Elf:1    | Found Sepp's Assorted Antiques.
 31391 | Elf:1    | Identified the +2 robe "Tubaud" {+Inv rN+ rCorr Slay+2} (You found it on level 1 of the Elven Halls)
 32009 | Elf:1    | Found Xywn's Magic Scroll Shop.
 32131 | Elf:2    | Found a runed gate.
 32131 | Elf:2    | Found a runed gate.
 32137 | Elf:2    | Found a runed gate.
 32971 | Elf:2    | Reached XP level 17. HP: 90/136 MP: 23/23
 33528 | Elf:2    | Reached skill level 15 in Transmutations
 33587 | Elf:2    | Noticed a deep elf blademaster
 33599 | Elf:2    | Killed a deep elf blademaster
 33885 | Elf:3    | Entered Level 3 of the Elven Halls
 33956 | Elf:3    | Noticed Mara
 33967 | Elf:3    | Killed Mara
 33967 | Elf:3    | Reached skill level 21 in Polearms
 34084 | Elf:3    | Reached skill level 10 in Earth Magic
 34123 | Elf:3    | Found Tuef's Antique Weapon Boutique.
 34248 | Elf:3    | Noticed a deep elf master archer
 34260 | Elf:3    | Killed a deep elf master archer
 34260 | Elf:3    | Noticed a deep elf blademaster
 34267 | Elf:3    | Killed a ghostly deep elf master archer
 34267 | Elf:3    | Noticed Donald
 34269 | Elf:3    | Killed a deep elf blademaster
 34279 | Elf:3    | Killed Donald
 34280 | Elf:3    | Noticed an Executioner
 34285 | Elf:3    | Cast into level 2 of the Abyss (a deep elf sorcerer)
 34429 | Abyss:2  | Gained mutation: Potions are less effective at restoring your health. [a neqoxec]
 34455 | Abyss:2  | Noticed a tentacled starspawn
 34475 | Abyss:4  | Found a corrupted altar of Lugonu.
 34648 | Abyss:4  | Noticed a lich
 34664 | Abyss:4  | Paralysed by accursed screaming for 2 turns
 34667 | Abyss:4  | HP: 7/140 [starcursed mass/accursed screaming (6)]
 34669 | Abyss:4  | Slain by a spatial maelstrom

Vault maps used:
D:1:      nzn_arrival_depleted_hourglass, grunt_decor_resistance
D:2:      minmay_hexomino_r4
D:3:      lemuel_crystal_altar, fiery_altar_vehumet, gammafunk_ghost_grave,
          cheibrodos_sewer_entry_bend, uniq_natasha
D:4:      gammafunk_ghost_grave
D:5:      minmay_temple_entry_purple_smoke, first_ration
D:6:      overflow_temple_1_default, zin_purify, elyvilon_altar_4
D:7:      marbit_many_paths, lemuel_coloured_pillars_altar, okawaru_humans,
          uniq_pikel
D:9:      nemelex_xobeh_ov_fountains_minmay, serial_shops,
          nicolae_shop_overgrown_old_shop, blue_anna_alchemist
D:10:     enter_bailey_3, basic_altar, serial_shops, shop, uniq_urug
D:11:     david_lair_shrubbed, david_orc_5
D:12:     serial_shops, shop, nicolae_shop_temple_entry_statues_fountains, shop,
          minmay_holes, uniq_fannar, uniq_psyche, uniq_nergalle, uniq_gastronok
D:13:     david_vaults_3, serial_shops, shop
D:14:     serial_bayou_ford_a, grunt_dithmenos_smoke_and_mirrors
D:15:     grunt_enter_depths_giant_problem, serial_park_gazebo
Temple:   nicolae_temple_no_exploring_needed
Lair:1:   serial_bayou_shore_b, uniq_sonja, uniq_harold
Lair:2:   lab_entry_generic
Lair:3:   minmay_swamp_entry_eels, dummy_snake_entry,
          kennysheep_catoblepas_arena
Lair:5:   gammafunk_ghost_hydra_chop, nicolae_quartered_pool_medium,
          minivault_24, cheibrodos_lair_lostbears, serial_bayou_shore_b
Lair:6:   due_jungle_book, minmay_slime_entry_pillars,
          gammafunk_ghost_hydra_chop, kilobyte_rumbling_trees, uniq_rupert
Orc:1:    mines4_lemuel
Orc:2:    st_orc_town, uniq_saint_roka, uniq_erolcha, uniq_josephine
Elf:1:    eino_elf_arrival_sip, serial_shops, shop, shop_scrolls, shop,
          hangedman_corner_corridor
Elf:3:    grunt_elf_hall_asides, serial_shops,
          nicolae_shop_competitors_out_of_business, uniq_donald, uniq_mara,
          uniq_roxanne
Depths:1: emtedronai_trogs_sanctum, pf_hell_entry_great_geh, mu_enter_wizlab_1,
          hangedman_abyss_or_decor_passed, hangedman_glass_teeth,
          minmay_orc_keep
Abyss:3:  hangedman_abyss_batty_box
Abyss:4:  hangedman_abyss_theft, grunt_abyss_rune_forest_and_sorcery
Lab:      labyrinth_green

Skill      XL: |  1  2  3  4  5  6  7  8  9 10 11 12 13 14 15 16 17 |
---------------+----------------------------------------------------+-----
Polearms       | 5 6 7 8 9 11 13 14 16 18 19 20 21 | 21.3
Fighting       | 4 5 6 8 9 10 11 12 13 14 | 14.4
Dodging        | 5 6 7 8 9 10 11 13 14 15 16 | 16.8
Invocations    | 1 3 5 6 8 9 10 11 12 13 | 13.0
Transmutations | 8 10 13 14 15 | 15.0
Spellcasting   | 3 5 |  5.0
Earth Magic    | 2 5 8 11 | 11.2
Stealth        | |  2.1

Action                   |  1- 3 |  4- 6 |  7- 9 | 10-12 | 13-15 | 16-18 || total
-------------------------+-------+-------+-------+-------+-------+-------++-------
Melee: Spear             |   151 |   134 |       |       |       |       ||   285
       Trident           |       |   162 |   164 |   774 |  1417 |       ||  2517
       Tailslap          |       |     1 |       |       |       |       ||     1
       Mace              |       |       |   113 |    57 |       |       ||   170
       Headbutt          |       |       |       |   148 |   353 |    80 ||   581
       Bardiche          |       |       |       |       |   146 |   449 ||   595
Throw: Stone             |       |     3 |       |     2 |       |       ||     5
       Javelin           |       |       |       |     2 |     2 |       ||     4
       Throwing net      |       |       |       |       |     1 |       ||     1
 Cast: Sticks to Snakes  |       |       |       |       |       |     7 ||     7
       Statue Form       |       |       |       |       |       |     1 ||     1
Invok: Divine Shield     |       |       |       |     3 |     5 |     2 ||    10
       Summon Divine War |       |       |       |     1 |     3 |     3 ||     7
       Cleansing Flame   |       |       |       |       |     6 |     3 ||     9
  Use: Potion            |       |     4 |       |     4 |     3 |     4 ||    15
       Scroll            |       |       |       |    15 |    11 |     6 ||    32
 Stab: Sleeping          |     5 |    12 |     1 |       |       |       ||    18
       Distracted        |       |       |     2 |       |       |       ||     2
  Eat: Chunk             |     2 |     9 |    10 |    19 |    37 |    15 ||    92
       Ration            |       |       |     1 |     5 |       |     2 ||     8
Armor: Robe              |    12 |    27 |    22 |     9 |       |       ||    70
       Leather armour    |       |       |     1 |    14 |   133 |    34 ||   182
       Skin              |       |       |       |    38 |    22 |    18 ||    78
Dodge: Dodged            |    96 |   185 |   192 |   408 |  1128 |   327 ||  2336
       Deflected         |       |       |     1 |     8 |    20 |    31 ||    60
Block: Other             |       |       |       |    11 |    42 |     6 ||    59

Table legend:
 A = Spawn XP
 B = Non-spawn XP
 C = Spawn XP percentage of total XP
 D = Spawn monster count
 E = Non-spawn monster count
 F = Spawn count percentage of total count
 G = Total turns spent on level
                    A         B        C        D         E        F      G
               +---------+---------+-------+---------+---------+-------+---------
         Total |    2666 |  232005 |   1.1 |       8 |     922 |   0.9 | 34669
               +---------+---------+-------+---------+---------+-------+---------
           D:1 |       0 |      35 |   0.0 |       0 |      21 |   0.0 |  1075
           D:2 |       0 |     150 |   0.0 |       0 |      24 |   0.0 |  1509
           D:3 |       0 |     186 |   0.0 |       0 |      25 |   0.0 |  1037
           D:4 |       0 |     398 |   0.0 |       0 |      22 |   0.0 |  1724
           D:5 |       0 |     962 |   0.0 |       0 |      30 |   0.0 |   797
           D:6 |       0 |     679 |   0.0 |       0 |      13 |   0.0 |  1181
           D:7 |       0 |    2806 |   0.0 |       0 |      34 |   0.0 |  1252
           D:8 |       0 |    1169 |   0.0 |       0 |      20 |   0.0 |   923
           D:9 |       0 |    5107 |   0.0 |       0 |      49 |   0.0 |  2337
          D:10 |       0 |    2617 |   0.0 |       0 |      63 |   0.0 |  1072
          D:11 |       0 |    5400 |   0.0 |       0 |      57 |   0.0 |  1755
          D:12 |       0 |   16782 |   0.0 |       0 |      63 |   0.0 |  1567
          D:13 |       0 |    8266 |   0.0 |       0 |      25 |   0.0 |  1118
          D:14 |       0 |    9828 |   0.0 |       0 |      34 |   0.0 |   866
          D:15 |       0 |   20368 |   0.0 |       0 |      55 |   0.0 |  1225
        Lair:1 |       0 |    4946 |   0.0 |       0 |      18 |   0.0 |  1371
        Lair:2 |       0 |    5679 |   0.0 |       0 |      17 |   0.0 |  1303
        Lair:3 |       0 |    5253 |   0.0 |       0 |      17 |   0.0 |  1130
        Lair:4 |       0 |    4514 |   0.0 |       0 |      19 |   0.0 |   977
        Lair:5 |       0 |   12865 |   0.0 |       0 |      38 |   0.0 |  1557
        Lair:6 |       0 |   11540 |   0.0 |       0 |      36 |   0.0 |  1295
         Orc:1 |       0 |    6343 |   0.0 |       0 |      38 |   0.0 |   927
         Orc:2 |       0 |   17779 |   0.0 |       0 |      96 |   0.0 |  1501
         Elf:1 |       0 |   18520 |   0.0 |       0 |      31 |   0.0 |  1110
         Elf:2 |       0 |   33584 |   0.0 |       0 |      45 |   0.0 |  1728
         Elf:3 |       0 |   33214 |   0.0 |       0 |      26 |   0.0 |   400
       Abyss:2 |    2077 |       0 | 100.0 |       6 |       0 | 100.0 |   184
       Abyss:4 |     589 |    1800 |  24.7 |       2 |       5 |  28.6 |   194
           Lab |       0 |    1215 |   0.0 |       0 |       1 |   0.0 |  1348
               +---------+---------+-------+---------+---------+-------+---------
